 Dungeon Crawl Stone Soup version 0.31.0-1-g2c135a008e (webtiles) character file.

Game seed: 7839433977637914897

90 Peloso the Covered (level 4, -2/40 HPs)
             Began as a Minotaur Fighter on Jan 20, 2024.
             Slain by a gnoll
             ... wielding a +0 flail
              (3 damage)
             ... on level 3 of the Dungeon.
             The game lasted 00:03:42 (1601 turns).

Peloso the Covered (Minotaur Fighter)               Turns: 1601, Time: 00:03:42

Health: -2/40      AC:  7    Str: 21    XL:     4   Next: 32%
Magic:  3/3        EV:  9    Int:  5    God:
Gold:   79         SH:  4    Dex: 11    Spells: 3/3 levels left

rFire   . . .        a - +0 long sword
rCold   . . .        d - +0 buckler
rNeg    . . .        b - +0 scale mail
rPois   .            (helmet restricted)
rElec   .            (no cloak)
rCorr   .            (no gloves)
SInv    .            (no boots)
Will    .....        (no amulet) Stlth
                     (no ring)
HPRegen 0.26/turn    (no ring)
MPRegen 0.08/turn

%: no passive effects
@: no status effects
A: horns 2, retaliatory headbutt
a: no special abilities


You were on level 3 of the Dungeon.
You visited 1 branch of the dungeon, and saw 3 of its levels.

You collected 79 gold pieces.

Inventory:

Hand Weapons
 a - a +0 long sword (weapon)
 c - the +0 dagger of Precise Incision {spect, Fly rF+++ Will-}
   (You found it on level 2 of the Dungeon)

   rF+++:     It renders you almost immune to fire.
   Will-:     It decreases your willpower.
   Fly:       It grants you flight.
Armour
 b - a +0 scale mail (worn)
 d - a +0 buckler (worn)
Jewellery
 m - the amulet of the Disturbing Beggars {Acrobat rF- Dex+4 Stlth+}
   (You found it on level 3 of the Dungeon)

   [amulet of the acrobat]

   Acrobat:   It increases your evasion while moving and waiting.
   Dex+4:     It affects your dexterity (+4).
   rF-:       It makes you vulnerable to fire.
   Stlth+:    It makes you more stealthy.
Talismans
 f - a beast talisman
Scrolls
 e - 2 scrolls of enchant weapon {unknown}
 g - a scroll of brand weapon {unknown}
 i - 2 scrolls of identify {unknown}
 j - a scroll of teleportation {unknown}
Potions
 h - 3 potions of curing
 k - a potion of might
 l - a potion of lignification {unknown}


   Skills:
 + Level 4.0 Fighting
 + Level 3.9 Long Blades
 + Level 4.5 Armour
 + Level 0.8 Dodging
 + Level 0.1 Stealth
 + Level 4.1 Shields


You had 3 spell levels left.
You didn't know any spells.
Your spell library contained the following spells:

 Spells                   Type           Power      Damage    Failure   Level
 Static Discharge         Conj/Air       0%         3-3/arc   95%         2
 Airstrike                Air            0%         2d(0-16)  100%        4
 Summon Lightning Spire   Summ/Air       0%         N/A       100%        4


Dungeon Overview and Level Annotations

Branches:
Dungeon (3/15)

Altars:
Makhleb


Innate Abilities, Weirdness & Mutations

You have a pair of horns on your head.
You reflexively headbutt those who attack you in melee.


Message History

The gnoll barely misses you. The gnoll closely misses you.
You barely miss the gnoll. You headbutt the gnoll.
The gnoll is almost dead.
The gnoll completely misses you. The gnoll hits you with a +0 flail!
You closely miss the gnoll. Your headbutt misses the gnoll.
The gnoll is almost dead.
The gnoll hits you with a +0 whip. The gnoll hits you with a +0 flail.
The gnoll hits you with a +0 whip.
* * * LOW HITPOINT WARNING * * *
You barely miss the gnoll.
The gnoll is almost dead.
The gnoll hits you with a +0 flail.
* * * LOW HITPOINT WARNING * * *
The gnoll barely misses you. You furiously retaliate!
You headbutt the gnoll.
You kill the gnoll!
You block the gnoll's attack.
Your Fighting skill increases to level 4!
You feel better. The gnoll hits you with a +0 flail.
* * * LOW HITPOINT WARNING * * *
Unknown command.
You barely miss the gnoll. The gnoll misses you.
You hit the gnoll.
The gnoll is lightly wounded.
The gnoll hits you with a +0 flail.
* * * LOW HITPOINT WARNING * * *
You hit the gnoll.
The gnoll is heavily wounded.
The gnoll barely misses you.
You barely miss the gnoll.
The gnoll is heavily wounded.
The gnoll hits you with a +0 flail!
* * * LOW HITPOINT WARNING * * *
The gnoll closely misses you.
You closely miss the gnoll.
The gnoll is heavily wounded.
You block the gnoll's attack.
You hit the gnoll.
The gnoll is heavily wounded.
The gnoll hits you with a +0 flail.
You die...

.........g.......#
#############g#..#
#.#..# #.g..#
##..###
#########.....
##.....gg...##.
#######..########.#
#...@g..## .#
#.....).### ..
...#......# ... #
##.....# ....
####### .... ####


You could see a gnoll.

Vanquished Creatures
  3 gnolls
  A dart slug (D:2)
  A ribbon worm (D:2)
  4 bats
  8 endoplasms
  A giant cockroach (D:2)
  9 goblins
  5 hobgoblins
  3 quokkas
  6 ball pythons
  A frilled lizard (D:1)
  7 kobolds
  3 rats (D:1)
52 creatures vanquished.

Notes
Turn   | Place    | Note
-------+----------+-------------------------------------------
     0 | D:1      | Peloso the Minotaur Fighter began the quest for the Orb.
     0 | D:1      | Reached XP level 1. HP: 19/19 MP: 0/0
   197 | D:1      | Reached XP level 2. HP: 24/27 MP: 1/1
   789 | D:2      | Found a faded altar of an unknown god.
   836 | D:2      | Reached XP level 3. HP: 33/33 MP: 2/2
   880 | D:2      | Found a burning altar of Makhleb.
   999 | D:2      | Identified the +0 dagger of Precise Incision {spect, Fly
                  | rF+++ Will-}
  1435 | D:3      | Identified the amulet of the Disturbing Beggars {Acrobat
                  | rF- Dex+4 Stlth+}
  1465 | D:3      | Reached XP level 4. HP: 36/40 MP: 3/3
  1599 | D:3      | HP: 1/40 [gnoll/+0 flail (8)]
  1601 | D:3      | Slain by a gnoll

Illustrated notes

Levels and vault maps discovered:
D:1:      psy_arrival_dodecagon, layout_loops_ring,
          minmay_misc_feat_more_columns, minmay_bisected
D:2:      layout_basic, hellmonk_ecumenical_altar_heavens_door, basic_altar,
          minmay_split_cup_large
D:3:      cheibrodos_helix_gallery, layout_rooms, grunt_ministairs_1

Skill      XL: |  1  2  3  4 |
---------------+-------------+-----
Armour         | 4 |  4.5
Shields        | 4 |  4.1
Long Blades    | 3 |  3.9
Fighting       | 4 |  4.0
Dodging        | |  0.8
Stealth        | |  0.1

Action                     |  1- 3 |  4- 6 || total
---------------------------+-------+-------++-------
  Melee: Long sword        |    87 |    16 ||   103
         Headbutt          |    17 |     3 ||    20
    Use: Potion            |     2 |     1 ||     3
 Armour: Scale mail        |    68 |    20 ||    88
  Dodge: Dodged            |    44 |    17 ||    61
  Block: Buckler           |    25 |     4 ||    29
   Form: Beast             |     1 |       ||     1
                           |     1 |       ||     1
